[Event "FIDE WYCC Girls U14 2023"]
[Site "Montesilvano"]
[Date "2023.11.22"]
[Round "9.5"]
[White "Piddubna, Bozhena"]
[Black "Gaszka, Zuzanna"]
[Result "1-0"]
[ECO "A05"]
[WhiteElo "2081"]
[BlackElo "1758"]
[Annotator "NA RC"]
[PlyCount "55"]
[EventDate "2023.11.13"]
[EventType "swiss"]
[EventCountry "ITA"]
[SourceTitle "playchess.com"]
[Source "ChessBase"]
[SourceQuality "1"]
[TimeControl "40/5400+30:1800+30"]

1. Nf3 Nf6 2. g3 e6 3. Bg2 c5 4. c4 d5 5. d4 cxd4 6. O-O Nc6 7. cxd5 Nxd5 8. Nxd4 Be7 9. Nc3 Nxc3 10. bxc3 Bd7 11. Rb1 e5 12. Nxc6 Bxc6 13. Bxc6+ bxc6 14. Qa4 Qc7 15. Qa6 Bc5 16. Qc4 Bb6 17. Ba3 c5 18. Qa4+ Qd7 19. Qe4 O-O 20. Rfd1 Qe6 21. Rd5 Rfe8 22. Bxc5 Bxc5 23. Rxc5 Qxa2 24. Rbb5 f6 25. Rb7 Rab8 26. Rcc7 Rxb7 27. Qxb7 Qa1+ 28. Kg2 1-0

[Event "FIDE WYCC Girls U14 2023"]
[Site "Montesilvano"]
[Date "2023.11.22"]
[Round "9.6"]
[White "Lyutsinger, Iren"]
[Black "Sachi Jain"]
[Result "1/2-1/2"]
[ECO "C84"]
[WhiteElo "2020"]
[BlackElo "1743"]
[Annotator "NA RC"]
[PlyCount "105"]
[EventDate "2023.11.13"]
[EventType "swiss"]
[EventCountry "ITA"]
[SourceTitle "playchess.com"]
[Source "ChessBase"]
[SourceQuality "1"]
[TimeControl "40/5400+30:1800+30"]

1. e4 e5 2. Nf3 Nc6 3. Bb5 a6 4. Ba4 Nf6 5. O-O Be7 6. d3 b5 7. Bb3 d6 8. a3 O-O 9. Nc3 Na5 10. Ba2 c5 11. Nd5 Nxd5 12. Bxd5 Bb7 13. b4 Bxd5 14. exd5 Nb7 15. Bb2 Qc7 16. Qe2 Rfc8 17. Rfc1 a5 18. bxc5 Nxc5 19. Rab1 Bf6 20. Nd2 Bg5 21. d4 Nd7 22. a4 Bxd2 23. Qxd2 Qc4 24. dxe5 dxe5 25. axb5 Rc5 26. Ba3 Rxd5 27. Qe3 Rxb5 28. Rxb5 Qxb5 29. c4 Qb7 30. h3 h6 31. c5 Rc8 32. Qc3 Qc7 33. Rd1 Nb8 34. Qe3 Nc6 35. Bb2 Nd4 36. Rc1 Rd8 37. Rc4 Rd5 38. Bxd4 Rxd4 39. Rxd4 exd4 40. Qxd4 a4 41. Qb4 Kh7 42. Kf1 Qe5 43. Qb1+ g6 44. Qc1 Qd4 45. Kg1 Qd7 46. Qc3 Qa7 47. Qa3 Qa6 48. Qa2 Kg8 49. Kh2 Qb5 50. Qc2 a3 51. c6 a2 52. c7 Qe5+ 53. g3 1/2-1/2

[Event "FIDE WYCC Girls U14 2023"]
[Site "Montesilvano"]
[Date "2023.11.22"]
[Round "9.7"]
[White "Jiang, Tianyu"]
[Black "Agamyradova, Mahri"]
[Result "1-0"]
[ECO "C15"]
[WhiteElo "1917"]
[BlackElo "1652"]
[Annotator "NA RC"]
[PlyCount "61"]
[EventDate "2023.11.13"]
[EventType "swiss"]
[EventCountry "ITA"]
[SourceTitle "playchess.com"]
[Source "ChessBase"]
[SourceQuality "1"]
[TimeControl "40/5400+30:1800+30"]

1. e4 e6 2. d4 d5 3. Nc3 Bb4 4. Nge2 dxe4 5. a3 Bxc3+ 6. Nxc3 Nf6 7. Bg5 h6 8. Bh4 Nc6 9. Bb5 Bd7 10. d5 exd5 11. Nxd5 g5 12. Bg3 Nxd5 13. Qxd5 Qe7 14. Bxc7 a6 15. Ba4 Rc8 16. Bd6 Qe6 17. Qd2 Qc4 18. Bb4 b5 19. Bc3 Rh7 20. Bb3 Qc5 21. h4 g4 22. O-O-O Nb8 23. Rhe1 f5 24. f3 Bc6 25. fxg4 Rd7 26. Qxh6 Rxd1+ 27. Rxd1 Nd7 28. Qg6+ Kd8 29. Ba5+ Rc7 30. Qg8+ Qf8 31. Qxf8# 1-0

[Event "FIDE WYCC Girls U14 2023"]
[Site "Montesilvano"]
[Date "2023.11.22"]
[Round "9.8"]
[White "Suyamin, Bonjoure Fille"]
[Black "Huseynova, Lala"]
[Result "0-1"]
[ECO "D37"]
[WhiteElo "1570"]
[BlackElo "1867"]
[Annotator "NA RC"]
[PlyCount "78"]
[EventDate "2023.11.13"]
[EventType "swiss"]
[EventCountry "ITA"]
[SourceTitle "playchess.com"]
[Source "ChessBase"]
[SourceQuality "1"]
[TimeControl "40/5400+30:1800+30"]

1. d4 d5 2. Nf3 Nf6 3. c4 e6 4. Nc3 Be7 5. Bf4 b6 6. e3 Bb7 7. Bd3 O-O 8. O-O dxc4 9. Bxc4 Nc6 10. Qe2 Bd6 11. Bg5 Na5 12. Bd3 c5 13. Rfd1 cxd4 14. Nxd4 h6 15. Ndb5 hxg5 16. Nxd6 Qe7 17. Nxb7 Nxb7 18. Rac1 Nc5 19. Bc2 Rac8 20. a3 Nb7 21. Nb5 a6 22. Nd4 b5 23. a4 bxa4 24. Bxa4 Rxc1 25. Rxc1 Qb4 26. Rc4 Qd6 27. Bc2 a5 28. Qf3 Nc5 29. Nc6 g4 30. Qf4 Qxc6 31. e4 e5 32. Qxe5 Ncd7 33. Qc3 Qe6 34. Rd4 Ne5 35. Qxa5 Nc6 36. Qd2 Nxd4 37. Qxd4 Rc8 38. Bd3 Rc1+ 39. Bf1 Qa6 0-1

[Event "FIDE WYCC Girls U14 2023"]
[Site "Montesilvano"]
[Date "2023.11.22"]
[Round "9.9"]
[White "Smietanska, Wiktoria"]
[Black "Mkrtchyan, Anahit H."]
[Result "1-0"]
[ECO "A40"]
[WhiteElo "2009"]
[BlackElo "1630"]
[Annotator "NA RC"]
[PlyCount "101"]
[EventDate "2023.11.13"]
[EventType "swiss"]
[EventCountry "ITA"]
[SourceTitle "playchess.com"]
[Source "ChessBase"]
[SourceQuality "1"]
[TimeControl "40/5400+30:1800+30"]

1. d4 Nf6 2. c4 e6 3. g3 d5 4. Nf3 b6 5. Bg2 Bb7 6. O-O Nbd7 7. cxd5 exd5 8. Nc3 Be7 9. Bf4 O-O 10. Rc1 c5 11. Ne5 Rc8 12. dxc5 bxc5 13. Qa4 Nxe5 14. Bxe5 Bc6 15. Qc2 d4 16. Bxc6 Rxc6 17. Nb5 Ng4 18. Bf4 g5 19. Bd2 Rh6 20. h4 Qd5 21. Qd3 Ne5 22. Qf5 Rf6 23. Qxg5+ Kh8 24. Bf4 Re6 25. Qh5 Bd8 26. Bxe5+ Rxe5 27. Qh6 Rg8 28. Qd6 Qe4 29. Rxc5 Rxc5 30. Qxc5 Bb6 31. Qh5 d3 32. e3 Bxe3 33. Kh2 Bb6 34. Nc3 Qe6 35. Qf3 Qg6 36. Rd1 Rd8 37. h5 Qd6 38. Ne4 Qd5 39. Qf6+ Kg8 40. h6 Qh5+ 41. Kg2 Qg6 42. Kf3 Qxf6+ 43. Nxf6+ Kh8 44. b4 a5 45. a3 axb4 46. axb4 Bd4 47. Ne4 Rb8 48. Rxd3 Rxb4 49. Ra3 Rb8 50. Ra4 Rd8 51. Nd6 1-0

[Event "FIDE WYCC Girls U14 2023"]
[Site "Montesilvano"]
[Date "2023.11.22"]
[Round "9.10"]
[White "Derlich, Sarah Sima"]
[Black "Dicen, Elis Denele"]
[Result "1-0"]
[ECO "B52"]
[WhiteElo "1745"]
[BlackElo "1976"]
[Annotator "RC"]
[PlyCount "145"]
[EventDate "2023.11.13"]
[EventType "swiss"]
[EventCountry "ITA"]
[SourceTitle "playchess.com"]
[Source "ChessBase"]
[SourceQuality "1"]
[TimeControl "40/5400+30:1800+30"]

1. e4 c5 2. Nf3 d6 3. Bb5+ Bd7 4. Bxd7+ Qxd7 5. c4 Nf6 6. Nc3 g6 7. d3 Bg7 8. O-O O-O 9. a3 Nc6 10. Rb1 e6 11. b4 b6 12. bxc5 dxc5 13. Qc2 Rfd8 14. Rd1 Ng4 15. Bg5 Re8 16. h3 Nge5 17. Nxe5 Nxe5 18. Bf4 Rad8 19. Bxe5 Bxe5 20. Ne2 Qd6 21. a4 Rd7 22. Qd2 Red8 23. Rb3 Qc6 24. a5 Qxe4 25. Qc2 Bc7 26. a6 Qe5 27. Ng3 h5 28. Qe2 Qf4 29. Qe4 Qxe4 30. Nxe4 Kg7 31. Kf1 f5 32. Ng5 Kf6 33. Nf3 g5 34. Ne1 g4 35. hxg4 hxg4 36. Nc2 Rh8 37. Na3 f4 38. Ke2 Be5 39. Nb1 Rh2 40. Rg1 Bd4 41. Nd2 Rdh7 42. Ne4+ Ke5 43. Rbb1 R7h5 44. Rbe1 g3 45. Kf3 gxf2 46. Nxf2+ Kf5 47. Rgf1 Rg5 48. Ne4 Rgxg2 49. Nd6+ Kf6 50. Kxf4 e5+ 51. Ke4+ Ke6 52. Nb5 Rg3 53. Nc7+ Ke7 54. Kd5 Rh6 55. Nb5 Rxd3 56. Rd1 Re3 57. Rg1 Rf6 58. Rg7+ Rf7 59. Rxf7+ Kxf7 60. Rf1+ Ke7 61. Nxa7 Ra3 62. Nc6+ Kd7 63. a7 e4 64. Rf7+ Kc8 65. Rf8+ Kb7 66. Rb8+ Kc7 67. a8=Q Rxa8 68. Rxa8 Bc3 69. Ra7+ Kc8 70. Kxe4 b5 71. cxb5 c4 72. b6 Bb4 73. Rc7# 1-0

[Event "FIDE WYCC Girls U14 2023"]
[Site "Montesilvano"]
[Date "2023.11.22"]
[Round "9.11"]
[White "Nguyen, Thuy Linh"]
[Black "Negre, Emilie"]
[Result "1-0"]
[ECO "D37"]
[WhiteElo "1398"]
[BlackElo "1871"]
[Annotator "NA RC"]
[PlyCount "101"]
[EventDate "2023.11.13"]
[EventType "swiss"]
[EventCountry "ITA"]
[SourceTitle "playchess.com"]
[Source "ChessBase"]
[SourceQuality "1"]
[TimeControl "40/5400+30:1800+30"]

1. d4 Nf6 2. Nf3 e6 3. c4 d5 4. Nc3 Be7 5. g3 O-O 6. Bg2 dxc4 7. Qa4 a6 8. Qxc4 b5 9. Qb3 Bb7 10. O-O c5 11. Rd1 Nbd7 12. dxc5 Bxc5 13. Ne5 Bxg2 14. Kxg2 Ra7 15. f3 Qc8 16. Nxd7 Rxd7 17. Bg5 Rfd8 18. Bxf6 gxf6 19. Ne4 Be7 20. Rac1 Qb8 21. Rxd7 Rxd7 22. Rc6 f5 23. Qc3 Qb7 24. Rc8+ Rd8 25. Rc7 Qb6 26. Rxe7 fxe4 27. Qf6 exf3+ 28. exf3 Rf8 29. Qg5+ Kh8 30. Qe5+ Kg8 31. Rc7 Qa5 32. Qg5+ Kh8 33. Qf6+ Kg8 34. Rc5 Re8 35. Rg5+ Kf8 36. Rg7 Qc7 37. Kh3 Qe7 38. Qh6 Rd8 39. Rxh7+ Ke8 40. Rh8+ Kd7 41. Qd2+ Kc8 42. Rxd8+ Qxd8 43. Qxd8+ Kxd8 44. Kg4 Ke7 45. h4 Kf6 46. Kf4 e5+ 47. Ke4 Ke6 48. g4 Kf6 49. Kd5 a5 50. a3 a4 51. h5 1-0

[Event "FIDE WYCC Girls U14 2023"]
[Site "Montesilvano"]
[Date "2023.11.22"]
[Round "9.12"]
[White "Sneha Halder"]
[Black "Jankovic, Tamara"]
[Result "0-1"]
[ECO "E77"]
[WhiteElo "1807"]
[BlackElo "1711"]
[Annotator "NA RC"]
[PlyCount "111"]
[EventDate "2023.11.13"]
[EventType "swiss"]
[EventCountry "ITA"]
[SourceTitle "playchess.com"]
[Source "ChessBase"]
[SourceQuality "1"]
[TimeControl "40/5400+30:1800+30"]

1. c4 g6 2. d4 Bg7 3. e4 d6 4. f4 Nf6 5. Nc3 O-O 6. Nf3 c5 7. d5 e6 8. dxe6 Bxe6 9. Be2 Nc6 10. O-O Re8 11. f5 gxf5 12. Bg5 h6 13. Bh4 Qd7 14. exf5 Bxf5 15. Bxf6 Bxf6 16. Nd5 Bxb2 17. Nh4 Be6 18. Rb1 Bg7 19. Bh5 Bxd5 20. Qxd5 Rf8 21. Nf5 Rad8 22. Rb3 Ne7 23. Nxh6+ Bxh6 24. Bxf7+ Rxf7 25. Qxf7+ Kh8 26. Rf6 Ng8 27. Rxb7 Qxf7 28. Rfxf7 Be3+ 29. Kh1 Nh6 30. Rh7+ Kg8 31. Rbg7+ Kf8 32. Rg3 Nf5 33. Rf3 Kg8 34. Rh5 Ng7 35. Rd5 Bd4 36. h4 Be5 37. g4 Rb8 38. Rb3 Rf8 39. Kg2 Rf4 40. Kh3 Rxc4 41. Rd2 Rc1 42. g5 Rh1+ 43. Kg4 Rg1+ 44. Kh3 c4 45. Rf3 Ne6 46. Rdf2 c3 47. Rf1 Rxf1 48. Rxf1 Nf4+ 49. Kg4 Nd3 50. Rb1 c2 51. Rb8+ Kf7 52. Kf5 c1=Q 53. g6+ Ke7 54. Rb7+ Kd8 55. Ke4 Bd4 56. Kxd4 0-1

[Event "FIDE WYCC Girls U14 2023"]
[Site "Montesilvano"]
[Date "2023.11.22"]
[Round "9.13"]
[White "Sezdbekova, Aizhan"]
[Black "Avetisyan, Ani"]
[Result "0-1"]
[ECO "B12"]
[WhiteElo "1594"]
[BlackElo "1770"]
[Annotator "NA RC"]
[PlyCount "122"]
[EventDate "2023.11.13"]
[EventType "swiss"]
[EventCountry "ITA"]
[SourceTitle "playchess.com"]
[Source "ChessBase"]
[SourceQuality "1"]
[TimeControl "40/5400+30:1800+30"]

1. e4 c6 2. d4 d5 3. f3 e6 4. Nc3 Qb6 5. Nge2 Nf6 6. Ng3 Be7 7. Rb1 O-O 8. Be3 c5 9. Qd2 Rd8 10. e5 Nfd7 11. f4 Nc6 12. Nge2 Qa5 13. a3 cxd4 14. Nxd4 Nxd4 15. Bxd4 Nf8 16. Nb5 Qxd2+ 17. Kxd2 b6 18. Nxa7 Rxa7 19. Bxb6 Rdd7 20. Bxa7 Rxa7 21. Bd3 Nd7 22. Rhf1 h5 23. Rf3 Kf8 24. Rh3 g6 25. g4 h4 26. g5 Ba6 27. Bxa6 Rxa6 28. Rxh4 Nxe5 29. Rh3 Nc4+ 30. Ke2 Bd6 31. Rf3 Ke7 32. h4 Kd7 33. Kd1 Rb6 34. b4 Kc6 35. Rbb3 Kb5 36. Kc1 Rb8 37. h5 gxh5 38. f5 Rg8 39. fxe6 Rxg5 40. Kd1 fxe6 41. Rf7 Rg1+ 42. Ke2 Rg2+ 43. Kd1 d4 44. Rb7+ Kc6 45. Rh7 Rh2 46. a4 Bf4 47. b5+ Kc5 48. Rh8 Ne3+ 49. Kc1 Nxc2+ 50. Kb1 Ne3 51. b6 Rh1+ 52. Ka2 Rh2+ 53. Kb1 Kc4 54. Rb5 Nd1 55. Rc8+ Kd3 56. b7 Nc3+ 57. Rxc3+ dxc3 58. b8=Q Bxb8 59. Rxb8 Rh1+ 60. Ka2 c2 61. Rd8+ Ke2 0-1

[Event "FIDE WYCC Girls U14 2023"]
[Site "Montesilvano"]
[Date "2023.11.22"]
[Round "9.14"]
[White "Romany, Joy"]
[Black "Aswinika Mani R"]
[Result "1/2-1/2"]
[ECO "D45"]
[WhiteElo "1764"]
[BlackElo "1472"]
[Annotator "NA RC"]
[PlyCount "60"]
[EventDate "2023.11.13"]
[EventType "swiss"]
[EventCountry "ITA"]
[SourceTitle "playchess.com"]
[Source "ChessBase"]
[SourceQuality "1"]
[TimeControl "40/5400+30:1800+30"]

1. d4 d5 2. c4 c6 3. Nf3 Nf6 4. Nc3 e6 5. e3 Nbd7 6. Qc2 Bd6 7. b3 O-O 8. Be2 b6 9. cxd5 exd5 10. O-O Bb7 11. Bd3 h6 12. Bb2 Rc8 13. Rac1 a6 14. a4 c5 15. Qe2 cxd4 16. Nxd4 Nc5 17. Bf5 Rc7 18. b4 Ncd7 19. Na2 Ne5 20. h3 Nc4 21. Bc3 Qe7 22. Bd3 g6 23. Nf3 Ne4 24. Bd4 b5 25. axb5 axb5 26. Bxe4 dxe4 27. Nd2 Rfc8 28. Bc3 Bd5 29. Ba1 Nxd2 30. Qxd2 Rxc1 1/2-1/2

[Event "FIDE WYCC Girls U14 2023"]
[Site "Montesilvano"]
[Date "2023.11.22"]
[Round "9.15"]
[White "Rice, Leah"]
[Black "Natoli, Alessia"]
[Result "0-1"]
[ECO "A47"]
[WhiteElo "1499"]
[BlackElo "1756"]
[Annotator "NA RC"]
[PlyCount "70"]
[EventDate "2023.11.13"]
[EventType "swiss"]
[EventCountry "ITA"]
[SourceTitle "playchess.com"]
[Source "ChessBase"]
[SourceQuality "1"]
[TimeControl "40/5400+30:1800+30"]

1. d4 Nf6 2. Nf3 b6 3. e3 Bb7 4. Bd3 d5 5. b3 g6 6. Bb2 Bg7 7. O-O O-O 8. Nbd2 c5 9. Qe2 Ne4 10. c4 e6 11. Rab1 Nd7 12. Rfd1 Qe7 13. Bc2 f5 14. Ne5 cxd4 15. Nxd7 Nxd2 16. Nxf8 Nxb1 17. Nxg6 hxg6 18. Bxb1 dxe3 19. Bxg7 exf2+ 20. Kxf2 Kxg7 21. cxd5 Qc5+ 22. Kf1 Bxd5 23. Qe5+ Kf7 24. Qf4 Rh8 25. Rc1 Qb5+ 26. Kg1 Qe2 27. Qg3 Qb2 28. Rc7+ Kf6 29. Bxf5 Qd4+ 30. Kf1 exf5 31. Qd6+ Kg5 32. h4+ Rxh4 33. Qd8+ Kg4 34. Rd7 Rh1+ 35. Ke2 Qd1+ 0-1

[Event "FIDE WYCC Girls U14 2023"]
[Site "Montesilvano"]
[Date "2023.11.22"]
[Round "9.16"]
[White "Diasamidze, Lulu"]
[Black "Stoll, Lucia"]
[Result "1-0"]
[ECO "C70"]
[WhiteElo "1676"]
[BlackElo "1887"]
[Annotator "NA RC"]
[PlyCount "157"]
[EventDate "2023.11.13"]
[EventType "swiss"]
[EventCountry "ITA"]
[SourceTitle "playchess.com"]
[Source "ChessBase"]
[SourceQuality "1"]
[TimeControl "40/5400+30:1800+30"]

1. e4 e5 2. Nf3 Nc6 3. Bb5 a6 4. Ba4 f5 5. Bxc6 dxc6 6. exf5 e4 7. Qe2 Bxf5 8. Nc3 Qe7 9. Nd4 Bg6 10. Qc4 O-O-O 11. Qe6+ Kb8 12. Qxe7 Bxe7 13. Ne6 Rd6 14. Nf4 Bf5 15. b3 g5 16. Nfe2 Bf6 17. Bb2 Ne7 18. Ba3 Rd7 19. Bxe7 Rxe7 20. O-O-O Bg6 21. Rde1 Rf8 22. Rhf1 Ref7 23. Nd1 Be5 24. h3 b6 25. Nec3 Bxc3 26. dxc3 c5 27. c4 Kb7 28. a4 h5 29. Re3 h4 30. Kd2 Rd8+ 31. Kc1 Rdf8 32. Kd2 Kc6 33. Ke1 Kd6 34. Nc3 Re7 35. g3 Rf3 36. gxh4 gxh4 37. Rg1 Bf5 38. Rg5 Re5 39. Rh5 Rxe3+ 40. fxe3 Bxh3 41. Rxh4 Bg2 42. Nd5 Bf3 43. Rh6+ Kd7 44. Rh7+ Kd6 45. Nxc7 Rg5 46. Nd5 Rg2 47. c3 Ke5 48. Re7+ Kf5 49. Rf7+ Ke5 50. Rb7 Re2+ 51. Kf1 Rh2 52. Rxb6 Rh1+ 53. Kf2 Rh2+ 54. Kg3 Rg2+ 55. Kh3 Rg7 56. Rxa6 Kf5 57. Rf6+ Kg5 58. Kg3 Kh5+ 59. Kf4 Bd1 60. Rb6 Bc2 61. a5 Bd3 62. a6 Bc2 63. Rb7 Rg4+ 64. Kf5 Rg5+ 65. Ke6 Rg6+ 66. Kf7 Rxa6 67. b4 Bb3 68. Nb6 Kg5 69. bxc5 Ra5 70. c6 Rc5 71. c7 Bxc4+ 72. Nxc4 Rxc4 73. Ke6 Kg4 74. Kd7 Kf3 75. c8=Q Rxc8 76. Kxc8 Kxe3 77. Re7 Kd3 78. c4 e3 79. c5 1-0

[Event "FIDE WYCC Girls U14 2023"]
[Site "Montesilvano"]
[Date "2023.11.22"]
[Round "9.17"]
[White "Alemanova, Yasmina"]
[Black "Zhang, Michelle"]
[Result "0-1"]
[ECO "D10"]
[WhiteElo "1570"]
[BlackElo "1833"]
[Annotator "NA RC"]
[PlyCount "96"]
[EventDate "2023.11.13"]
[EventType "swiss"]
[EventCountry "ITA"]
[SourceTitle "playchess.com"]
[Source "ChessBase"]
[SourceQuality "1"]
[TimeControl "40/5400+30:1800+30"]

1. d4 d5 2. c4 c6 3. cxd5 cxd5 4. Nc3 Nf6 5. Bf4 Nc6 6. e3 a6 7. Bd3 Bg4 8. Nge2 e6 9. O-O Bd6 10. Bg5 h6 11. Bh4 g5 12. Bg3 h5 13. f3 h4 14. Bxd6 Qxd6 15. e4 dxe4 16. Nxe4 Nxe4 17. Bxe4 Bh5 18. Rc1 O-O 19. Qd2 f6 20. Rfd1 Rad8 21. a3 Bf7 22. Bxc6 bxc6 23. Qc3 Be8 24. Qa5 Qb8 25. b4 Qc8 26. Rc5 h3 27. f4 e5 28. f5 Bh5 29. Rc2 Qxf5 30. Rcd2 Bxe2 31. Rxe2 Qg4 32. Qxa6 Rxd4 33. Rde1 Qd7 34. Qa4 Rd3 35. Re4 hxg2 36. R4e2 Qd4+ 37. Kxg2 Qg4+ 38. Kh1 Qf3+ 39. Kg1 Rd4 40. Rg2 Rfd8 41. Qc2 Kg7 42. Rg3 Qd5 43. Qf5 e4 44. Qf2 Rd2 45. Qe3 Qd4 46. h4 Rd3 47. Qxd4 Rxg3+ 48. Kf2 Rf3+ 0-1

[Event "FIDE WYCC Girls U14 2023"]
[Site "Montesilvano"]
[Date "2023.11.22"]
[Round "9.18"]
[White "Li Chen, Helena Joana"]
[Black "Zerarga, Imene"]
[Result "1/2-1/2"]
[ECO "B75"]
[WhiteElo "1799"]
[BlackElo "1514"]
[Annotator "NA RC"]
[PlyCount "75"]
[EventDate "2023.11.13"]
[EventType "swiss"]
[EventCountry "ITA"]
[SourceTitle "playchess.com"]
[Source "ChessBase"]
[SourceQuality "1"]
[TimeControl "40/5400+30:1800+30"]

1. e4 c5 2. Nf3 d6 3. d4 cxd4 4. Nxd4 Nf6 5. Nc3 g6 6. Be3 Bg7 7. f3 Nc6 8. Qd2 Bd7 9. O-O-O Rc8 10. Kb1 h5 11. h3 a6 12. Be2 h4 13. Rhe1 b5 14. Nxc6 Rxc6 15. Bd4 Bh6 16. Qd3 e5 17. Bf2 Be6 18. Nxb5 axb5 19. Qxb5 Qa8 20. b3 O-O 21. Qb4 Rb8 22. Bb5 Ra6 23. a4 Bd7 24. c4 Bxb5 25. cxb5 d5 26. Bc5 Re6 27. exd5 Nxd5 28. Qc4 Nf4 29. Rd2 Nxh3 30. Rd7 Nf4 31. Rxe5 Rd8 32. Rxe6 Nxe6 33. Rd6 Rc8 34. Rxe6 fxe6 35. Qxe6+ Kh7 36. Qe7+ Kg8 37. Qe6+ Kh7 38. Qe7+ 1/2-1/2

[Event "FIDE WYCC Girls U14 2023"]
[Site "Montesilvano"]
[Date "2023.11.22"]
[Round "9.19"]
[White "Haapsal, Maria Ioanna"]
[Black "Mueller, Riyanna"]
[Result "0-1"]
[ECO "B01"]
[WhiteElo "1597"]
[BlackElo "1754"]
[Annotator "NA RC"]
[PlyCount "96"]
[EventDate "2023.11.13"]
[EventType "swiss"]
[EventCountry "ITA"]
[SourceTitle "playchess.com"]
[Source "ChessBase"]
[SourceQuality "1"]
[TimeControl "40/5400+30:1800+30"]

1. e4 d5 2. exd5 Qxd5 3. Nc3 Qd6 4. d4 Nf6 5. Nf3 a6 6. g3 Bg4 7. h3 Bxf3 8. Qxf3 c6 9. Be3 e6 10. O-O-O Nbd7 11. g4 Nb6 12. a3 Be7 13. Bf4 Qd8 14. h4 Nfd5 15. Nxd5 cxd5 16. g5 Rc8 17. Be5 O-O 18. g6 fxg6 19. Qg4 Rc6 20. f4 Nd7 21. h5 Nxe5 22. dxe5 Rxf4 23. Qg2 g5 24. Bd3 Qf8 25. Rhf1 Bc5 26. Rde1 Rxf1 27. Rxf1 Be3+ 28. Kb1 Bf4 29. Qg4 Rb6 30. Ka2 Qb8 31. h6 Qxe5 32. Rb1 gxh6 33. Qh5 Qf6 34. Qe8+ Kg7 35. Qd7+ Qf7 36. Qxf7+ Kxf7 37. Bxh7 h5 38. Bd3 h4 39. Rh1 e5 40. Bf5 Kf6 41. Bg4 e4 42. Kb1 d4 43. Re1 Ke5 44. Bf3 e3 45. Re2 Bg3 46. c3 Kf4 47. Bd5 d3 48. Rg2 e2 0-1

[Event "FIDE WYCC Girls U14 2023"]
[Site "Montesilvano"]
[Date "2023.11.22"]
[Round "9.20"]
[White "Kazhiakhmetova, Yerkenaz"]
[Black "Zadrapova, Amalie"]
[Result "1/2-1/2"]
[ECO "D71"]
[WhiteElo "1218"]
[BlackElo "1753"]
[Annotator "NA RC"]
[PlyCount "95"]
[EventDate "2023.11.13"]
[EventType "swiss"]
[EventCountry "ITA"]
[SourceTitle "playchess.com"]
[Source "ChessBase"]
[SourceQuality "1"]
[TimeControl "40/5400+30:1800+30"]

1. d4 Nf6 2. c4 g6 3. g3 Bg7 4. Bg2 O-O 5. Nc3 d6 6. e4 Nbd7 7. Nge2 e5 8. d5 a5 9. a4 Nc5 10. Be3 Ne8 11. O-O f5 12. Qc2 Bd7 13. f4 Qe7 14. Bxc5 dxc5 15. Rae1 Nd6 16. Nb5 Nxe4 17. Bxe4 fxe4 18. Nxc7 Bxa4 19. Qxa4 Qxc7 20. Qc2 Rae8 21. Kh1 Bh6 22. fxe5 Qxe5 23. Rxf8+ Rxf8 24. Nf4 Bxf4 25. Rxe4 Qh5 26. Rxf4 Rxf4 27. gxf4 Qf3+ 28. Kg1 Qxf4 29. Qe2 Qg5+ 30. Kf2 Qf6+ 31. Kg2 Kg7 32. Kh1 h5 33. Kg2 b6 34. h3 Kh6 35. Qe3+ g5 36. Qe2 Kg7 37. Kg3 Qf4+ 38. Kg2 Qf6 39. Kg3 h4+ 40. Kg2 Qd6 41. Qe3 Kh6 42. b3 Qf6 43. Kg1 Kg6 44. Kg2 Qb2+ 45. Kf3 Qf6+ 46. Kg2 Kg7 47. Qd3 Qg6 48. Qe2 1/2-1/2

[Event "FIDE WYCC Girls U14 2023"]
[Site "Montesilvano"]
[Date "2023.11.22"]
[Round "9.21"]
[White "Stefan, Iulia-Cristiana"]
[Black "Sodgerelt Naranbold"]
[Result "1/2-1/2"]
[ECO "D02"]
[WhiteElo "1748"]
[BlackElo "1419"]
[Annotator "NA RC"]
[PlyCount "62"]
[EventDate "2023.11.13"]
[EventType "swiss"]
[EventCountry "ITA"]
[SourceTitle "playchess.com"]
[Source "ChessBase"]
[SourceQuality "1"]
[TimeControl "40/5400+30:1800+30"]

1. d4 d5 2. Nf3 Nf6 3. Bf4 c5 4. e3 Nc6 5. Nbd2 Bg4 6. h3 Bh5 7. c3 e6 8. Bd3 cxd4 9. exd4 Bd6 10. Bg5 h6 11. Be3 Ne7 12. O-O O-O 13. Qc2 Bg6 14. Ne5 Bxd3 15. Qxd3 Qc7 16. f4 Nf5 17. Bf2 Be7 18. Rae1 Nd6 19. Bh4 Nfe4 20. Bxe7 Qxe7 21. Nxe4 Nxe4 22. f5 Qg5 23. fxe6 fxe6 24. Nf3 Qg3 25. Qe2 Rf4 26. Nd2 Ng5 27. Kh1 Raf8 28. Rxf4 Rxf4 29. Rf1 Rxf1+ 30. Nxf1 Qf4 31. Nd2 Kf7 1/2-1/2

[Event "FIDE WYCC Girls U14 2023"]
[Site "Montesilvano"]
[Date "2023.11.22"]
[Round "9.22"]
[White "Mohd Afif, Ainul Mardhiah"]
[Black "Qi, Jenny"]
[Result "1-0"]
[ECO "A13"]
[WhiteElo "1478"]
[BlackElo "1737"]
[Annotator "NA RC"]
[PlyCount "125"]
[EventDate "2023.11.13"]
[EventType "swiss"]
[EventCountry "ITA"]
[SourceTitle "playchess.com"]
[Source "ChessBase"]
[SourceQuality "1"]
[TimeControl "40/5400+30:1800+30"]

1. c4 e6 2. g3 d5 3. Bg2 dxc4 4. Qa4+ Nd7 5. Qxc4 a6 6. d4 Ngf6 7. Nc3 Be7 8. Qb3 c6 9. e4 Qb6 10. Qd1 O-O 11. Nge2 e5 12. O-O exd4 13. Nxd4 Ne5 14. Nf5 Bxf5 15. exf5 Neg4 16. h3 Nxf2 17. Rxf2 Bc5 18. Qc2 Rfe8 19. Bg5 Rad8 20. Bxf6 gxf6 21. Ne4 Bxf2+ 22. Qxf2 Qxf2+ 23. Kxf2 Kg7 24. Rc1 Rd4 25. Ke3 Rb4 26. b3 Re5 27. g4 h5 28. Bf3 hxg4 29. hxg4 Ra5 30. Rc2 Re5 31. Kf4 Rd5 32. Ke3 Re5 33. Rc3 Ra5 34. Rc2 Re5 35. Rg2 Kh6 36. Kd3 Kg7 37. g5 fxg5 38. Rxg5+ Kf8 39. Nc3 Rf4 40. Be4 f6 41. Rh5 Kg7 42. Rh2 Rg4 43. Re2 Kh6 44. Nd1 Kg7 45. Re3 Rf4 46. Nc3 Rg4 47. Ne2 Ra5 48. a4 Re5 49. Nd4 Kg8 50. b4 a5 51. Nf3 Re8 52. b5 c5 53. Nd2 b6 54. Nc4 Rd8+ 55. Kc3 Rb8 56. Bd5+ Kf8 57. Re6 Rg3+ 58. Kc2 Kg7 59. Re7+ Kh6 60. Rf7 Kg5 61. Nd6 Kf4 62. Rd7 Re8 63. Nxe8 1-0

[Event "FIDE WYCC Girls U14 2023"]
[Site "Montesilvano"]
[Date "2023.11.22"]
[Round "9.23"]
[White "Trunz, Tamila"]
[Black "Mongoljin, Davaadorj"]
[Result "1-0"]
[ECO "C11"]
[WhiteElo "1732"]
[BlackElo "1077"]
[Annotator "NA RC"]
[PlyCount "89"]
[EventDate "2023.11.13"]
[EventType "swiss"]
[EventCountry "ITA"]
[SourceTitle "playchess.com"]
[Source "ChessBase"]
[SourceQuality "1"]
[TimeControl "40/5400+30:1800+30"]

1. e4 e6 2. d4 d5 3. Nc3 Nf6 4. Bg5 dxe4 5. Nxe4 Be7 6. Nxf6+ Bxf6 7. Bxf6 Qxf6 8. Nf3 c5 9. c3 cxd4 10. Nxd4 O-O 11. Bd3 Rd8 12. Qh5 g6 13. Qe2 Nd7 14. O-O-O Nc5 15. Bc2 Bd7 16. h4 e5 17. Nf3 Qf4+ 18. Kb1 Bc6 19. h5 Be4 20. hxg6 hxg6 21. Bxe4 Qxe4+ 22. Qxe4 Nxe4 23. Nxe5 Nxf2 24. Rh8+ Kxh8 25. Nxf7+ Kg7 26. Rxd8 Rxd8 27. Nxd8 b6 28. Nc6 a5 29. Ne5 g5 30. Kc2 Ne4 31. Nc4 b5 32. Nxa5 Nd6 33. Kd3 Kf6 34. c4 bxc4+ 35. Nxc4 Nf5 36. a4 Ke6 37. a5 Kd7 38. b4 Kc6 39. Na3 g4 40. Ke4 Ne7 41. Nc2 Nd5 42. Ke5 Ne7 43. Kf4 Kb5 44. Kxg4 Kc4 45. Kh5 1-0